 Dungeon Crawl Stone Soup version 0.30-a0-715-gdb4ae3ece1 (webtiles) character file.

Game seed: 8953705606003506430

13 sircluck the Covered (level 2, 0/24 HPs)
             Began as a Human Fighter on Jan 24, 2023.
             Slain by a goblin
             ... wielding a +0 club
              (2 damage)
             ... on level 1 of the Dungeon.
             The game lasted 00:07:52 (388 turns).

sircluck the Covered (Human Fighter)                 Turns: 388, Time: 00:07:53

Health: 0/24       AC:  6    Str: 16    XL:     2   Next: 50%
Magic:  2/2        EV:  8    Int:  8    God:
Gold:   42         SH:  4    Dex: 12    Spells: 1/1 levels left

rFire   . . .      SeeInvis .    e - +0 club
rCold   . . .      Faith    .    c - +0 buckler
rNeg    . . .      Spirit   .    b - +0 scale mail
rPois   .          Reflect  .    (no helmet)
rElec   .          Harm     .    (no cloak)
rCorr   .          Rampage  .    (no gloves)
Will    .....                    (no boots) Stlth
                                 (no amulet)
HPRegen 0.24/turn                (no ring)
MPRegen 0.08/turn                (no ring)

@: lethally poisoned (0 -> -2)
A: no striking features
a: no special abilities


You were on level 1 of the Dungeon.
You visited 1 branch of the dungeon, and saw 1 of its levels.

You collected 42 gold pieces.

Inventory:

Hand Weapons
 a - a +0 long sword
 e - a +0 club (weapon)
 g - a +0 whip
 h - a +0 club
 j - a +0 short sword of electrocution
 p - a +0 short sword
 r - a +2 dagger of venom
Missiles
 f - 12 stones (quivered)
 o - 3 poisoned darts
Armour
 b - a +0 scale mail (worn)
 c - a +0 buckler (worn)
Jewellery
 q - a ring of see invisible
Scrolls
 i - a scroll of amnesia {unknown}
 m - a scroll of enchant weapon {unknown}
 n - a scroll of fog {unknown}
Potions
 d - a potion of might
 l - a potion of attraction {unknown}


   Skills:
 + Level 3.1 Fighting
 + Level 2.0 Long Blades
 + Level 3.3 Armour
 + Level 3.2 Shields


You had one spell level left.
You didn't know any spells.
Your spell library was empty.

Dungeon Overview and Level Annotations

Branches:
Dungeon (1/15)

Altars:

Shops:
D:1 (!(


Message History

There is an open door here.
You hit the goblin.
The goblin is moderately wounded.
The goblin hits you with a +2 dagger of venom.
You are poisoned.
You hit the goblin but do no damage.
The goblin is moderately wounded.
You feel very sick.
The goblin hits you with a +2 dagger of venom.
You are lethally poisoned!
The goblin barely misses you.
You hit the goblin.
You kill the goblin!
You feel very sick.
There is a lethal amount of poison in your body!
A goblin comes into view. It is wielding a +0 club.
You feel very sick.
The goblin shouts!
There is an entrance to Vifoc's Distillery here.
Things that are here:
a +2 dagger of venom; 10 gold pieces; a goblin corpse
r - a +2 dagger of venom
* * * LOW HITPOINT WARNING * * *
You feel sick.
You now have 42 gold pieces (gained 10).
* * * LOW HITPOINT WARNING * * *
You feel sick. The goblin hits you but does no damage.
You hit the goblin.
The goblin is heavily wounded.
* * * LOW HITPOINT WARNING * * *
You feel sick. The goblin barely misses you.
The goblin hits you but does no damage.
You closely miss the goblin.
The goblin is heavily wounded.
* * * LOW HITPOINT WARNING * * *
You feel sick. The goblin hits you but does no damage.
You drop 2 golden potions.
* * * LOW HITPOINT WARNING * * *
You feel sick. The goblin hits you with a +0 club.
You die...

.....##.##.# ...
...####^##.##...
†.......##.##..#
†.......##.##..#
#..####.##.##..#
#..# #.##.##..#####
# #..#
#.##.##..#...##.#
#..#
#........#'#....#
#..##########..g@'†#
#.............##+#.#
################...#
#####


You could see a goblin.

Vanquished Creatures
  A giant cockroach (D:1)
  2 goblins (D:1)
  2 ball pythons (D:1)
  A bat (D:1)
  2 frilled lizards (D:1)
  4 kobolds (D:1)
  2 rats (D:1)
14 creatures vanquished.

Notes
Turn   | Place    | Note
-------+----------+-------------------------------------------
     0 | D:1      | sircluck the Human Fighter began the quest for the Orb.
     0 | D:1      | Reached XP level 1. HP: 18/18 MP: 1/1
   145 | D:1      | Reached XP level 2. HP: 24/24 MP: 2/2
   195 | D:1      | Found Jisomp's Weapon Shop.
   214 | D:1      | Found Ziaff's Weapon Shop.
   366 | D:1      | Found Vifoc's Distillery.
   388 | D:1      | Slain by a goblin

Illustrated notes

Levels and vault maps discovered:
D:1:      lemuel_arrival_lava_pool, layout_loops_ring, serial_shops, shop,
          nicolae_shop_behind_doors, nicolae_shop_bloodbath_and_beyond

Action                     || total
---------------------------++-------
  Melee: Long sword        ||    28
         Club              ||    19
 Armour: Scale mail        ||    34
  Dodge: Dodged            ||    26
  Block: Buckler           ||    16

Table legend: (Time is in decaauts)
 A = Elapsed time spent in this place.
 B = Non-inter-level travel time spent in this place.
 C = Inter-level travel time spent in this place.
 D = Time resting spent in this place.
 E = Time spent auto-exploring this place.
 F = Levels seen in this place.
 G = Mean time per level.
                   A        B        C        D        E       F      G
               +--------+--------+--------+--------+--------+-----+--------+
         Total |    403 |    146 |    257 |      0 |      0 |   1 |  403.0 |
       Dungeon |    403 |    146 |    257 |      0 |      0 |   1 |  403.0 |
               +--------+--------+--------+--------+--------+-----+--------+

Top non-repeatable levels by time:
     D:1: 403 daAuts
